 Dungeon Crawl Stone Soup version 0.29-a0-330-g52719c12eb (webtiles) character file.

Game seed: 11472793005222206415

71 Aelig the Cutter (level 4, -1/30 HPs)
             Began as a Kobold Abyssal Knight on May 2, 2022.
             Was a Priest of Lugonu.
             Succumbed to a scorpion's poison
             ... on level 3 of the Dungeon.
             The game lasted 00:08:05 (2711 turns).

Aelig the Cutter (Kobold Abyssal Knight)            Turns: 2711, Time: 00:08:05

Health: -1/30      AC:  6    Str: 10    XL:     4   Next: 47%
Magic:  14/14      EV: 13    Int: 11    God:    Lugonu [***...]
Gold:   63         SH:  0    Dex: 17    Spells: 3/3 levels left

rFire   . . .      SeeInvis .   b - +0 whip (elec)
rCold   . . .      Faith    .   (no shield)
rNeg    . . .      Spirit   .   l - +0 ring mail
rPois   .          Reflect  .   (no helmet)
rElec   .          Harm     .   g - +0 cloak
rCorr   .          Rampage  .   (no gloves)
Will    .....                   (no boots)
Stlth   ++........              (no amulet)
HPRegen 0.10/turn               c - ring of magical power
MPRegen 0.14/turn               (no ring)

@: lethally poisoned (-1 -> -25), flying
A: small, no large weapons, nightstalker 3
a: Renounce Religion, Depart the Abyss, Bend Space, Banish


You were on level 3 of the Dungeon.
You worshipped Lugonu.
Lugonu was most pleased with you.
You visited 1 branch of the dungeon, and saw 3 of its levels.
You visited the Abyss 1 time.

You collected 145 gold pieces.
You spent 82 gold pieces at shops.

Inventory:

Hand Weapons
 a - a +1 short sword
 b - a +0 whip of electrocution (weapon)
Missiles
 k - 34 stones (quivered)
Armour
 g - a +0 cloak (worn)
 l - a +0 ring mail (worn)
Jewellery
 c - a ring of magical power (left hand)
 i - a ring of fire
Scrolls
 f - a scroll of holy word {unknown}
 n - a scroll of torment {unknown}
Potions
 d - a potion of mutation {unknown}
 e - a potion of heal wounds {unknown}
 h - a potion of magic {unknown}
 j - a potion of lignification {unknown}
 o - a potion of degeneration {unknown}
 p - a potion of attraction
 q - a potion of curing {unknown}


   Skills:
 + Level 4.4 Fighting
 - Level 4.5 Short Blades
 + Level 0.0 Maces & Flails
 - Level 0.7 Armour
 - Level 2.4 Dodging
 + Level 2.0 Invocations


You had 3 spell levels left.
You didn't know any spells.
Your spell library contained the following spells:

 Spells                   Type           Power      Damage    Failure   Level
 Ozocubu's Armour         Ice            0%         N/A       95%         3
 Metabolic Englaciation   Hex/Ice        0%         N/A       100%        5
 Simulacrum               Ice/Necr       0%         N/A       100%        6


Dungeon Overview and Level Annotations

Branches:
Dungeon (3/15)

Altars:

Shops:
D:3 (


Innate Abilities, Weirdness & Mutations

You are small and have problems with some larger weapons.
You are completely attuned to the shadows.


Message History

You see here a +0 ring mail.
You hit the scorpion but do no damage. The scorpion misses you.
You hit the scorpion.
The scorpion is lightly wounded.
The scorpion stings you but does no damage.
You hit the scorpion.
The scorpion is moderately wounded.
The scorpion completely misses you. The scorpion closely misses you.
You hit the scorpion.
The scorpion is moderately wounded.
The scorpion stings you.
You hit the scorpion but do no damage.
The scorpion is moderately wounded.
The scorpion stings you.
You are poisoned.
The scorpion poisons you!
You hit the scorpion.
The scorpion is heavily wounded.
You feel very sick. The scorpion stings you.
You hit the scorpion but do no damage.
The scorpion is heavily wounded.
You feel sick. The scorpion barely misses you. x2
You hit the scorpion.
The scorpion is heavily wounded.
You feel sick. The scorpion stings you.
You are lethally poisoned!
The scorpion poisons you!
You hit the scorpion but do no damage.
The scorpion is heavily wounded.
* * * LOW HITPOINT WARNING * * *
You feel very sick. The scorpion stings you.
* * * LOW HITPOINT WARNING * * *
You are more poisoned.
The scorpion poisons you!
It was a potion of flight.
You feel very buoyant.
You fly up into the air.
You die...

.# #.# #.### .# #.#
#...# .# #.#####.# .#
#.#...#.# #....... ##
#.#.#.#'###.......#
####.#<......#.......#
...#.#)†.....#..!....#
...#.........#..s....#
...###.......#..@..##
...###[......####'##
...).........####'####
......................#
......................#
......................#
###........##.........#
#........##.........#
#........##.........#


You could see a scorpion.

Vanquished Creatures
  A dart slug (D:2)
  An orc (D:3)
  7 bats
  3 endoplasms
  5 giant cockroaches
  11 goblins
  8 hobgoblins
  3 jackals (D:2)
  4 kobolds
  2 quokkas
  6 ball pythons
  6 frilled lizards
  4 rats
61 creatures vanquished.

Notes
Turn   | Place    | Note
-------+----------+-------------------------------------------
     0 | Abyss:1  | Aelig the Kobold Abyssal Knight began the quest for the
                  | Orb.
     0 | Abyss:1  | Reached XP level 1. HP: 14/14 MP: 2/2
    48 | D:1      | Escaped the Abyss
   385 | D:1      | Reached XP level 2. HP: 19/19 MP: 3/3
   717 | D:1      | Reached XP level 3. HP: 20/24 MP: 4/4
   869 | D:1      | Found a faded altar of an unknown god.
  1593 | D:2      | Reached *** piety under Lugonu
  1909 | D:2      | Reached XP level 4. HP: 23/29 MP: 5/5
  2590 | D:3      | Found Safil's Weapon Emporium.
  2595 | D:3      | Bought a +0 whip of electrocution for 82 gold pieces
  2698 | D:3      | Noticed a scorpion
  2711 | D:3      | Succumbed to a scorpion's poison

Illustrated notes

Levels and vault maps discovered:
D:1:      sevenhm_arrival_forest_fort_small_5, layout_rooms,
          shapermc_ecumenical_altar_mp_vishouse, amcnicky_mini_pool_small,
          minmay_misc_feat_columns, corexii_hall_statues_i, st_stairs_6,
          minmay_liquid_box, minmay_distorted
D:2:      cheibrodos_greedy_goblins, layout_basic, grunt_decor_arrowhead
D:3:      layout_basic, serial_shops, nicolae_shop_bloodbath_and_beyond,
          hangedman_glass_teeth, uniq_robin

Skill      XL: |  1  2  3 |
---------------+----------+-----
Short Blades   | 3 4 |  4.5
Fighting       | 4 |  4.4
Armour         | |  0.7
Dodging        | |  2.4
Invocations    | |  2.0

Action                   |  1- 3 |  4- 6 || total
-------------------------+-------+-------++-------
Melee: Short sword       |    94 |    45 ||   139
       Punch             |     1 |       ||     1
       Whip              |       |    14 ||    14
Throw: Stone             |       |     1 ||     1
  Use: Scroll            |       |     2 ||     2
       Potion            |       |     1 ||     1
 Stab: Sleeping          |    12 |     2 ||    14
Armor: Leather armour    |     5 |       ||     5
       Ring mail         |    14 |    16 ||    30
       Scale mail        |     6 |       ||     6
Dodge: Dodged            |    47 |    25 ||    72

Table legend: (Time is in decaauts)
 A = Elapsed time spent in this place.
 B = Non-inter-level travel time spent in this place.
 C = Inter-level travel time spent in this place.
 D = Time resting spent in this place.
 E = Time spent auto-exploring this place.
 F = Levels seen in this place.
 G = Mean time per level.
                   A        B        C        D        E       F      G
               +--------+--------+--------+--------+--------+-----+--------+
         Total |   2702 |   2625 |     77 |    514 |   1291 |   4 |  675.5 |
       Dungeon |   2654 |   2577 |     77 |    514 |   1253 |   3 |  884.7 |
         Abyss |     48 |     48 |      0 |      0 |     38 |   1 |   48.0 |
               +--------+--------+--------+--------+--------+-----+--------+

Top non-repeatable levels by time:
     D:2: 1186 daAuts
     D:1: 1140 daAuts
     D:3: 328 daAuts
 Abyss:1: 48 daAuts
